 Dungeon Crawl Stone Soup version 0.24-a0-475-g5b41c6f (webtiles) character file.

Game seed: 12181176468117171267

182 Spazmo the Magician (level 5, -6/28 HPs)
             Began as a Deep Elf Fire Elementalist on July 5, 2019.
             Mangled by Sigmund
             ... wielding a +0 scythe
              (11 damage)
             ... on level 3 of the Dungeon.
             The game lasted 00:06:20 (2153 turns).

Spazmo the Magician (Deep Elf Fire Elementalist)    Turns: 2153, Time: 00:06:21

Health: -6/28      AC:  4    Str:  5    XL:     5   Next: 34%
Magic:  4/14       EV: 13    Int: 21    God:
Gold:   168        SH:  0    Dex: 15    Spells: 4/14 levels left

rFire    . . .     SeeInvis .   m - +1 hand axe (chop)
rCold    . . .     Gourm    .   (no shield)
rNeg     . . .     Faith    .   a - +1 robe
rPois    +         Spirit   .   d - +0 helmet
rElec    .         Reflect  .   (no cloak)
rCorr    .         Harm     .   (no gloves)
MR       .....                  (no boots)
Stlth    +.........             (no amulet)
HPRegen  0.09/turn              b - ring of poison resistance
MPRegen  0.14/turn              k - ring of attention (curse)

@: no status effects
A: no striking features
a: no special abilities


You were on level 3 of the Dungeon.
You were not hungry.

You visited 1 branch of the dungeon, and saw 3 of its levels.

You collected 168 gold pieces.

Inventory:

Hand Weapons
 m - a +1 hand axe of chopping (weapon)
Missiles
 f - 137 stones (quivered)
Armour
 a - a +1 robe (worn)
 d - a +0 helmet (worn)
Jewellery
 b - a ring of poison resistance (left hand)
 k - a cursed ring of attention (right hand)
Scrolls
 g - 2 scrolls of teleportation
 i - 2 scrolls of enchant armour
Potions
 h - a potion of berserk rage {unknown}
 j - a potion of invisibility {unknown}
 n - a potion of agility
Comestibles
 c - 7 rations
 l - 4 chunks of flesh


   Skills:
 - Level 2.4 Dodging
 - Level 2.4 Stealth
 + Level 5.0 Spellcasting
 + Level 3.3 Conjurations
 + Level 4.6 Fire Magic


You had 4 spell levels left.
You knew the following spells:

 Your Spells              Type           Power        Failure   Level  Hunger
a - Flame Tongue          Conj/Fire      ###..        1%          1    None
b - Throw Flame           Conj/Fire      ###...       3%          2    None
c - Conjure Flame         Conj/Fire      ###.....     6%          3    ##.....
d - Sticky Flame          Conj/Fire      ###.....     21%         4    ####...

Your spell library contained the following spells:

 Spells                   Type           Power        Failure   Level  Hunger
 Inner Flame              Hex/Fire       ###.....     12%         3    ##.....
 Fireball                 Conj/Fire      ###.......   50%         5    #####..


Dungeon Overview and Level Annotations

Branches:
Dungeon (3/15)

Altars:
Hepliaklqana
Nemelex Xobeh
Wu Jian

Annotations:
D:3 Sigmund


Message History

Press: ? - help, Shift-Dir - straight line, f - Sigmund
Aim: Sigmund, wielding a +0 scythe and wearing a +0 robe The sticky flame hits Sigmund.
Sigmund is lightly wounded.
Sigmund is covered in liquid flames!
The orc shouts!
Sigmund burns!
Sigmund points at you and mumbles some strange words.
The puff of flame hits you!
Casting: Sticky Flame (slightly dangerous; 21% risk of failure)
Confirm with . or Enter, or press ? or * to list all spells.
Aiming: Flame Tongue (safe; 1% risk of failure)
Press: ? - help, Shift-Dir - straight line, f/p - Sigmund
Aim: Sigmund, wielding a +0 scythe and wearing a +0 robe (moderately wounded, covered in liquid flames)
The flame tongue misses Sigmund.
Sigmund burns!
Sigmund hits you with a +0 scythe!
* * * LOW HITPOINT WARNING * * *
Sigmund burns!
Sigmund hits you from afar with a +0 scythe!
You die...

# ###
######.##############.#
)......#.))o..@.@.....#
######.#.############.#
# #.#.# ######.#o#
.......#.# ########'###
##.........#
##...†÷)...#
##.........#


You could see Sigmund (burning) and an orc.

Vanquished Creatures
  An orc wizard (D:2)
  Robin (D:3)
  4 adders
  2 oozes (D:1)
  2 worms (D:2)
  A dart slug (D:1)
  3 leopard geckos
  6 orcs
  A ball python (D:3)
  2 giant cockroaches
  11 goblins
  13 hobgoblins
  8 jackals (D:2)
  5 kobolds
  10 bats
  6 frilled lizards
  7 rats
83 creatures vanquished.

Notes
Turn   | Place    | Note
-------+----------+-------------------------------------------
     0 | D:1      | Spazmo the Deep Elf Fire Elementalist began the quest for
                  | the Orb.
     0 | D:1      | Reached XP level 1. HP: 10/10 MP: 6/6
   118 | D:1      | Reached XP level 2. HP: 14/15 MP: 5/8
   130 | D:1      | Learned a level 2 spell: Throw Flame
   523 | D:1      | Reached XP level 3. HP: 19/19 MP: 7/10
   528 | D:1      | Learned a level 3 spell: Conjure Flame
   852 | D:2      | Reached skill level 4 in Spellcasting
  1078 | D:2      | Reached XP level 4. HP: 17/24 MP: 0/12
  1209 | D:2      | Found an ornate altar of the Wu Jian Council.
  1281 | D:2      | Found a hazy altar of Hepliaklqana.
  1348 | D:2      | Found a sparkling altar of Nemelex Xobeh.
  1780 | D:3      | Reached XP level 5. HP: 22/28 MP: 8/14
  1786 | D:3      | Learned a level 4 spell: Sticky Flame
  1833 | D:3      | Noticed Robin
  1837 | D:3      | Killed Robin
  2099 | D:3      | Reached skill level 5 in Spellcasting
  2116 | D:3      | Noticed Sigmund
  2153 | D:3      | Mangled by Sigmund

Levels and vault maps discovered:
D:1:      lightli_arrival_lavapool, layout_loops_ring, grunt_decor_fettered,
          serial_park_tiny_1, corner_web_ring, nrook_mini_backslash
D:2:      layout_loops_ring, nicolae_overflow_crystal_walls,
          lemuel_doored_altar, lemuel_crystal_altar, minmay_tetromino_t2
D:3:      layout_basic, uniq_robin, uniq_sigmund

Skill      XL: |  1  2  3  4  5 |
---------------+----------------+-----
Conjurations   | 2 3 |  3.3
Spellcasting   | 4 5 |  5.0
Fire Magic     | 4 |  4.6
Dodging        | |  2.4
Stealth        | |  2.4

Action                   |  1- 3 |  4- 6 || total
-------------------------+-------+-------++-------
Melee: Unarmed           |       |    21 ||    21
       Short sword       |       |     2 ||     2
 Cast: Flame Tongue      |    74 |    67 ||   141
       Throw Flame       |       |     2 ||     2
       Sticky Flame      |       |     1 ||     1
  Use: Scroll            |     5 |     3 ||     8
       Potion            |       |     3 ||     3
  Eat: Chunk             |       |     4 ||     4
Armor: Robe              |     8 |    10 ||    18
Dodge: Dodged            |    26 |    31 ||    57

Table legend:
 A = Non-vault XP
 B = Vault XP
 C = Vault XP percentage of total XP
 D = Non-vault monster count
 E = Vault monster count
 F = Vault count percentage of total count
                 A         B        C        D         E       F
            +---------+---------+-------+---------+---------+-------
      Total |     234 |      26 |  10.0 |      76 |       7 |   8.4
            +---------+---------+-------+---------+---------+-------
        D:1 |      48 |       0 |   0.0 |      23 |       0 |   0.0
        D:2 |     116 |       0 |   0.0 |      30 |       0 |   0.0
        D:3 |      70 |      26 |  27.1 |      23 |       7 |  23.3
            +---------+---------+-------+---------+---------+-------
